 Dungeon Crawl Stone Soup version 0.26.1-11-gd32895ea62 (webtiles) character file.

Game seed: 15805239140024429040

76 phalm the Conjurer (level 4, -7/32 HPs)
             Began as a Gnoll Conjurer on May 14, 2021.
             Mangled by an orc warrior
             ... wielding a +2 vampiric battleaxe
              (24 damage)
             ... on level 3 of the Dungeon.
             The game lasted 00:03:44 (2156 turns).

phalm the Conjurer (Gnoll Conjurer)                 Turns: 2156, Time: 00:03:45

Health: -7/32      AC:  3    Str:  9    XL:     4   Next: 32%
Magic:  10/11      EV: 14    Int: 21    God:
Gold:   147        SH:  0    Dex: 14    Spells: 10/13 levels left

rFire    . . .     SeeInvis .   s - +0 trident
rCold    . . .     Faith    .   (no shield)
rNeg     . . .     Spirit   .   a - +0 robe
rPois    .         Reflect  .   (no helmet)
rElec    .         Harm     .   (no cloak)
rCorr    .         Rampage  .   o - +0 pair of gloves
Will     .....                  (no boots)
Stlth    +++.......             n - amulet of inaccuracy (curse)
HPRegen  0.10/turn              (no ring)
MPRegen  0.12/turn              (no ring)

@: no status effects
A: distributed training, fangs 1, strong nose
a: no special abilities


You were on level 3 of the Dungeon.
You visited 1 branch of the dungeon, and saw 3 of its levels.

You collected 147 gold pieces.


Innate Abilities, Weirdness & Mutations

Your experience applies equally to all skills.
You have very sharp teeth.
Your uncanny sense of smell can sniff out nearby items.


   Skills:
 + Level 1.1 Fighting
 + Level 1.1 Short Blades
 + Level 1.1 Long Blades
 + Level 1.1 Axes
 + Level 1.1 Maces & Flails
 + Level 1.1 Polearms
 + Level 1.1 Staves
 + Level 1.1 Slings
 + Level 1.1 Bows
 + Level 1.1 Crossbows
 + Level 1.1 Throwing
 + Level 1.1 Armour
 + Level 4.6 Dodging
 + Level 4.2 Stealth
 + Level 1.1 Shields
 + Level 1.1 Unarmed Combat
 + Level 5.0 Spellcasting
 + Level 7.1 Conjurations
 + Level 0.8 Hexes
 + Level 0.8 Summonings
 + Level 0.8 Necromancy
 + Level 0.8 Translocations
 + Level 0.8 Transmutations
 + Level 0.8 Fire Magic
 + Level 0.8 Ice Magic
 + Level 0.8 Air Magic
 + Level 0.8 Earth Magic
 + Level 0.8 Poison Magic
 + Level 1.2 Invocations
 + Level 1.1 Evocations


You had 10 spell levels left.
You knew the following spells:

 Your Spells              Type           Power        Failure   Level
m - Magic Dart            Conj           100%         1%          1
s - Searing Ray           Conj           70%          1%          2

Your spell library contained the following spells:

 Spells                   Type           Power        Failure   Level
 Dazzling Flash           Conj/Hex       44%          6%          3
 Fulminant Prism          Conj/Hex       11%          21%         4
 Iskenderun's Mystic Bla  Conj/Tloc      22%          21%         4

Inventory:

Hand Weapons
 s - a +0 trident (weapon)
   (You found it on level 3 of the Dungeon)
Missiles
 c - 21 arrows
 i - 41 sling bullets
Armour
 a - a +0 robe (worn)
 o - a +0 pair of gloves (worn)
   (You found it on level 2 of the Dungeon)
Jewellery
 n - a cursed amulet of inaccuracy (around neck)
   (You found it on level 2 of the Dungeon)
Scrolls
 b - a scroll of immolation {unknown}
 d - 2 scrolls of noise {unknown}
 e - 3 scrolls of identify {unknown}
 j - 3 scrolls of teleportation {unknown}
 k - a scroll of enchant weapon {unknown}
 l - a scroll of blinking {unknown}
 q - a scroll of amnesia {unknown}
Potions
 f - 2 potions of attraction {unknown}
 g - 2 potions of brilliance {unknown}
 h - a potion of mutation {unknown}
 m - a potion of magic {unknown}
 p - 2 potions of flight {unknown}
 r - a potion of degeneration {unknown}

Dungeon Overview and Level Annotations

Branches:
Dungeon (3/15)

Altars:
Nemelex Xobeh

#....# #.#
#.######.# ∆
#........#
#..).....#
#........#
#######.......(####
#....###+#####(#...
∆
#....###.#####.#...
∆+.@o.....).........
#....####.####.#...
#........)...#.#...
####.####..#.#.#...
#.#<###.#.#.#...
#.#.# #...#.#...
#.#.# ##..#.####
#.#.####..#.#
#.#.......#.#


You could see an orc warrior.


Message History

e - 2 scrolls labelled XOVUOT KYUFRU (gained 1)
Things that are here:
3 stones; a kobold corpse; 😎 MP[+2]
Your mp is fully restored (11).
You now have 147 gold pieces (gained 7).
e - 3 scrolls labelled XOVUOT KYUFRU (gained 1)
You see here a ring mail.
An orc comes into view.
The orc moves out of view.
An orc and an orc warrior come into view.
The orc warrior is wielding a +2 vampiric battleaxe.
The orc shouts!
An orc comes into view. It is wielding a +0 war axe.
The magic dart hits the orc but does no damage.
The orc shouts! x2 😎 MP[-1]
You lost 1 mp, and now have 10/11 mp.
The magic dart hits the orc warrior but does no damage.
A rat comes into view. 😎 MP[-1]
You lost 1 mp, and now have 9/11 mp.
The magic dart hits the rat!
You kill the rat! 😎 MP[-1]
You lost 1 mp, and now have 8/11 mp.
The magic dart hits the orc. 😎 MP[-1]
You lost 1 mp, and now have 7/11 mp.
The magic dart hits the orc but does no damage.
The orc closely misses you. 😎 MP[-1]
You lost 1 mp, and now have 6/11 mp.
The magic dart hits the orc. 😎 MP[-1]
You lost 1 mp, and now have 5/11 mp.
Casting: Magic Dart (safe; 1% risk of failure)
Confirm with . or Enter, or press ? or * to list all spells.
Aiming: Searing Ray (safe; 1% risk of failure)
Press: ? - help, Shift-Dir - straight line, f - orc warrior, p - orc
Aim: an orc warrior, wielding a +2 vampiric battleaxe and wearing a +0 chain mail (32% to evade)
The searing ray hits the orc!
You kill the orc!
The searing ray hits the orc but does no damage.
The searing ray hits the orc warrior. (Press . to maintain the ray.) 😎 MP[-2]
You lost 2 mp, and now have 3/11 mp.
The searing ray misses the orc.
The searing ray hits the orc warrior.
The searing ray misses the orc.
The searing ray hits the orc warrior.
The searing ray hits the orc.
The searing ray misses the orc. 😎 MP[-1]
You lost 1 mp, and now have 2/11 mp.
The searing ray hits the orc warrior.
The searing ray hits the orc!
You kill the orc!
The searing ray hits the orc!
You kill the orc!
You finish channeling your searing ray. 😎 MP[-1]
You lost 1 mp, and now have 1/11 mp.
Casting: Searing Ray (safe; 1% risk of failure)
Confirm with . or Enter, or press ? or * to list all spells.
You don't have enough magic to cast that spell.
The magic dart hits the orc warrior but does no damage.
The orc warrior closely misses you. 😎 MP[-1]
You lost 1 mp, and now have 0/11 mp.
You don't have enough magic to cast that spell.
You barely miss the orc warrior. The orc warrior closely misses you.
You barely miss the orc warrior.
The orc warrior hits you with a +2 vampiric battleaxe!!
Ouch! That really hurt!
* * * LOW HITPOINT WARNING * * *
😨 HP[-23]
You take 23 damage, and now have 9/32 hp.
MASSIVE DAMAGE!! (PAUSE) 😨 HP[+1] 😨 MP[+1] 😨 HP[+1] MP[+1]
You see here a ring mail. 😨 MP[+1] 😨 HP[+1] 😨 MP[+1] 😨 HP[+1] 😨 MP[+1]
You see here a stone. 😨 HP[+1] 😨 MP[+1] 😨 HP[+1] 😨 MP[+1]
You see here a +0 short sword. 😨 HP[+1] MP[+1]
You see here a stone. 😨 MP[+1] 😮 HP[+1]
There is an escape hatch in the ceiling here. 😮 MP[+1]
The orc warrior hits you with a +2 vampiric battleaxe!!
Ouch! That really hurt!
You die...

Skill      XL: |  1  2  3 |
---------------+----------+-----
Spellcasting   | 5 |  5.0
Invocations    | 1 |  1.2
Fighting       | 1 |  1.1
Short Blades   | 1 |  1.1
Long Blades    | 1 |  1.1
Axes           | 1 |  1.1
Maces & Flails | 1 |  1.1
Polearms       | 1 |  1.1
Staves         | 1 |  1.1
Slings         | 1 |  1.1
Bows           | 1 |  1.1
Crossbows      | 1 |  1.1
Throwing       | 1 |  1.1
Armour         | 1 |  1.1
Shields        | 1 |  1.1
Unarmed Combat | 1 |  1.1
Evocations     | 1 |  1.1
Dodging        | |  4.6
Stealth        | |  4.2
Conjurations   | |  7.1
Hexes          | |  0.8
Summonings     | |  0.8
Necromancy     | |  0.8
Translocations | |  0.8
Transmutations | |  0.8
Fire Magic     | |  0.8
Ice Magic      | |  0.8
Air Magic      | |  0.8
Earth Magic    | |  0.8
Poison Magic   | |  0.8

Action                   |  1- 3 |  4- 6 || total
-------------------------+-------+-------++-------
Melee: Trident           |       |     2 ||     2
 Cast: Magic Dart        |    62 |    25 ||    87
       Searing Ray       |       |     1 ||     1
Armor: Robe              |     2 |       ||     2
Dodge: Dodged            |     3 |     5 ||     8

Levels and vault maps discovered:
D:1:      psy_arrival_radial02, layout_loops_ring
D:2:      layout_rooms, nemelex_altar_shiori
D:3:      layout_basic

Notes
Turn   | Place    | Note
-------+----------+-------------------------------------------
     0 | D:1      | phalm the Gnoll Conjurer began the quest for the Orb.
     0 | D:1      | Reached XP level 1. HP: 13/13 MP: 6/6
     0 | D:1      | magus.rc [v1.9.10]
   229 | D:1      | Reached XP level 2. HP: 19/19 MP: 4/7
   262 | D:1      | Learned a level 2 spell: Searing Ray
   496 | D:1      | You fall into a shaft and drop 1 floor!
   671 | D:2      | Reached skill level 5 in Spellcasting
   671 | D:2      | Reached XP level 3. HP: 25/25 MP: 3/9
   864 | D:2      | Reached skill level 1 in Invocations
  1268 | D:2      | Reached skill level 1 in Fighting
  1268 | D:2      | Reached skill level 1 in Short Blades
  1268 | D:2      | Reached skill level 1 in Long Blades
  1268 | D:2      | Reached skill level 1 in Axes
  1268 | D:2      | Reached skill level 1 in Maces & Flails
  1268 | D:2      | Reached skill level 1 in Polearms
  1268 | D:2      | Reached skill level 1 in Staves
  1268 | D:2      | Reached skill level 1 in Slings
  1268 | D:2      | Reached skill level 1 in Bows
  1268 | D:2      | Reached skill level 1 in Crossbows
  1268 | D:2      | Reached skill level 1 in Throwing
  1268 | D:2      | Reached skill level 1 in Armour
  1268 | D:2      | Reached skill level 1 in Shields
  1268 | D:2      | Reached skill level 1 in Unarmed Combat
  1268 | D:2      | Reached skill level 1 in Evocations
  1428 | D:2      | Found a sparkling altar of Nemelex Xobeh.
  1622 | D:3      | Reached XP level 4. HP: 32/32 MP: 8/11
  2064 | D:3      | Noticed an orc warrior
  2156 | D:3      | Mangled by an orc warrior

Vanquished Creatures
  2 adders (D:2)
  A worm (D:2)
  2 leopard geckos
  5 orcs (D:3)
  A ball python (D:3)
  5 bats
  A giant cockroach (D:1)
  7 goblins
  5 hobgoblins
  8 kobolds
  3 frilled lizards
  9 rats
49 creatures vanquished.

Table legend:
 A = Non-vault XP
 B = Vault XP
 C = Vault XP percentage of total XP
 D = Non-vault monster count
 E = Vault monster count
 F = Vault count percentage of total count
                 A         B        C        D         E       F
            +---------+---------+-------+---------+---------+-------
      Total |     109 |       0 |   0.0 |      49 |       0 |   0.0
            +---------+---------+-------+---------+---------+-------
        D:1 |      26 |       0 |   0.0 |      17 |       0 |   0.0
        D:2 |      55 |       0 |   0.0 |      18 |       0 |   0.0
        D:3 |      28 |       0 |   0.0 |      14 |       0 |   0.0
            +---------+---------+-------+---------+---------+-------

Illustrated notes

Table legend:
 A = Kills in this place as a percentage of kills in entire the game.
 B = Kills by you in this place as a percentage of kills by you in the entire game.
 C = Kills by friends in this place as a percentage of kills by friends in the entire game.
 D = Other kills in this place as a percentage of other kills in the entire game.
 E = Experience gained in this place as a percentage of experience gained in the entire game.
 F = Experience gained in this place divided by the number of levels of this place that you have seen.
                   A       B       C       D       E      F
               +-------+-------+-------+-------+-------+----------------------
         Total | 100.0 | 100.0 |   N/A |   N/A | 100.0 |  36.3
       Dungeon | 100.0 | 100.0 |   N/A |   N/A | 100.0 |  36.3
               +-------+-------+-------+-------+-------+----------------------

Table legend: (Time is in decaauts)
 A = Elapsed time spent in this place.
 B = Non-inter-level travel time spent in this place.
 C = Inter-level travel time spent in this place.
 D = Time resting spent in this place.
 E = Time spent auto-exploring this place.
 F = Levels seen in this place.
 G = Mean time per level.
                   A        B        C        D        E       F      G
               +--------+--------+--------+--------+--------+-----+--------+
         Total |   2163 |   2081 |     82 |      0 |   1806 |   3 |  721.0 |
       Dungeon |   2163 |   2081 |     82 |      0 |   1806 |   3 |  721.0 |
               +--------+--------+--------+--------+--------+-----+--------+

Top non-repeatable levels by time:
     D:1: 868 daAuts
     D:2: 748 daAuts
     D:3: 545 daAuts
